Map: Cactus Valley LE (Void)

Players

Musumeci

  • Race: Zerg Zerg
  • League: Diamond
  • Spawn Location: 7:00

Andrea

  • Race: Protoss Protoss
  • Spawn Location: 11:00

VOD

Have the link to the VOD?

Description

Time

  • Played on: Feb. 28, 2017, 7:56 a.m.
  • Length: 6:14
Show
View Real Time Build Order
Export as new Build Order

Musumeci Zerg 

Build Orders: Hatch First 

Get SALT Encoding   

  12  0:02  Drone  
  13  0:13  Drone  
  14  0:18  Drone, Extractor  
  15  0:47  Hatchery  
  14  0:52  Drone, Extractor  
  15  1:04  Spawning Pool  
  14  1:16  Overlord  
  14  1:21  Extractor  
  14  1:22  Drone  
  14  1:23  Drone, Extractor  
  16  1:35  Drone  
  16  1:39  Drone  
  18  1:48  Extractor  
  18  1:51  Queen  
  19  1:56  Drone  
  19  1:58  Queen  
  19  1:59  Drone  
  23  2:02  Drone  
  24  2:31  Zergling x4  
  24  2:35  Overlord  
  26  2:39  Drone x2  
  27  3:06  Zergling x2  
  27  3:07  Zergling x16  
  27  3:12  Overlord x2  
  36  3:14  Metabolic Boost  
  36  3:22  Baneling Nest  
  34  3:30  Zergling x4  
  35  3:50  Zergling x14  
  42  4:18  Drone x9  
  51  4:24  Evolution Chamber  
  51  4:30  Pneumatized Carapace  
  50  4:37  Lair  
  50  4:51  Overlord x2  
  50  4:53  Drone  
  50  4:54  Drone  
  50  4:56  Overlord  
  51  5:07  Baneling x4  
  51  5:34  Extractor  
  49  5:35  Roach Warren  
Show
View Real Time Build Order
Export as new Build Order

Andrea Protoss 

Build Orders:  

Get SALT Encoding   

  12  0:03  Probe (Chrono Boost)  
  13  0:13  Probe (Chrono Boost)  
  14  0:24  Probe (Chrono Boost)  
  14  0:25  Pylon  
  15  0:44  Probe (Chrono Boost)  
  15  0:45  Gateway  
  16  0:56  Probe (Chrono Boost)  
  17  1:18  Assimilator  
  17  1:23  Assimilator  
  17  1:24  Probe (Chrono Boost)  
  18  1:33  Zealot  
  20  1:41  Pylon  
  20  2:00  Zealot, Probe (Chrono Boost), Nexus  
  23  2:03  Pylon  
  23  2:11  Probe (Chrono Boost)  
  24  2:17  Gateway  
  24  2:29  Probe (Chrono Boost)  
  25  2:30  Zealot  
  27  2:39  Probe (Chrono Boost)  
  27  2:43  Cybernetics Core  
  28  2:57  Zealot  
  28  2:58  Probe (Chrono Boost)  
  32  3:13  Probe (Chrono Boost)  
  32  3:24  Probe (Chrono Boost)  
  32  3:35  Probe x2 (Chrono Boost)  
  34  3:46  Probe x2 (Chrono Boost)  
  34  3:56  Probe x2 (Chrono Boost)  
  35  4:07  Mothership Core (Chrono Boost)  
  37  4:13  Stalker x2  
  37  4:16  Warp Gate  
  41  4:20  Probe (Chrono Boost)  
  42  4:25  Probe (Chrono Boost)  
  42  4:28  Twilight Council  
  43  4:32  Pylon  
  43  4:42  Stalker  
  43  4:43  Stalker  
  47  4:56  Probe x2 (Chrono Boost)  
  49  5:06  Probe (Chrono Boost)  
  49  5:07  Probe (Chrono Boost)  
  50  5:13  Zealot x2  
  54  5:17  Probe x2 (Chrono Boost)  
  54  5:21  Assimilator  
  56  5:25  Assimilator  
  56  5:27  Probe (Chrono Boost)  
  56  5:28  Probe (Chrono Boost)  
  58  5:40  Zealot x2  
Tags
 
Add a new tag
Caveats
  • Supply blocks, unpowered buildings, or Contaminate may cause inaccurate times.
  • Supply counts are checked every 10 seconds.